 Dungeon Crawl Stone Soup version bcrawl-1.39.1 (webtiles) character file.

Game seed: 6149394010193473217

93827 Finalfun the Skirmisher (level 4, 0/35 HPs)
             Began as a Demonspawn Abyssal Knight on Sept 26, 2023.
             Was a Believer of Lugonu.
             Slain by a bullfrog skeleton (6 damage)
             ... on level 4 of the Dungeon.
             The game lasted 00:06:44 (3030 turns).

Finalfun the Skirmisher (Demonspawn Abyssal Knight) Turns: 3030, Time: 00:06:45

Health: 0/35       AC:  5    Str: 13    XL:     4   Next: 30%
Magic:  6/6        EV: 11    Int: 11    God:    Lugonu [**....]
Gold:   171        SH:  0    Dex: 15    Spells: 3/3 levels left

rFire    . . .     GDR:     28% a - +0 rapier
rCold    . . .     SeeInvis .   (no shield)
rNeg     . . .     Gourm    .   b - +0 ring mail
rPois    .         Faith    .   (no helmet)
rElec    .         Spirit   .   (no cloak)
rCorr    .         Reflect  .   (no gloves)
MR       .....                  (no boots)
Stlth    +.........             (no amulet)
HPRegen  0.15/turn              (no ring)
MPRegen  0.10/turn              (no ring)

@: no status effects
A: demonic guardian 1
a: Depart the Abyss, Bend Space, Banish, Renounce Religion


You were on level 4 of the Dungeon.
You worshipped Lugonu.
Lugonu was pleased with you.
You were hungry.

You visited 1 branch of the dungeon, and saw 4 of its levels.
You visited the Abyss 1 time.

You collected 171 gold pieces.

Inventory:

Hand Weapons
 a - a +0 rapier (weapon)
 j - a +1 vampiric war axe
Missiles
 c - 10 tomahawks of dispersal {=f}
 d - 603 stones
 l - 123 javelins (quivered)
Armour
 b - a +0 ring mail (worn)
Scrolls
 g - a scroll of teleportation
 h - a scroll of noise {unknown}
 i - 2 scrolls of identify
 k - 2 scrolls of amnesia {unknown}
 m - 2 scrolls of remove curse {unknown}
 p - a scroll of blinking {unknown}
Potions
 f - a potion of degeneration {unknown}
 n - a potion of cancellation
 o - a potion of curing {unknown}
Comestibles
 e - 4 rations {!d}


   Skills:
 - Level 3.0 Fighting
 + Level 2.8 Short Blades
 - Level 1.0 Throwing
 - Level 2.0 Armour
 - Level 2.0 Dodging
 - Level 2.0 Stealth
 - Level 3.0 Invocations


You had 3 spell levels left.
You didn't know any spells.
Your spell library was empty.

Dungeon Overview and Level Annotations

Branches:
Dungeon (4/12)
 Temple: D:4-7

Altars:


Innate Abilities, Weirdness & Mutations

A weak demonic guardian rushes to your aid.


Message History

You throw a javelin. The javelin hits the bullfrog skeleton.
The bullfrog skeleton is almost destroyed.
The bullfrog skeleton closely misses you.
You are too injured to fight recklessly!
You are too injured to fight recklessly!
You are too injured to fight recklessly!
You are too injured to fight recklessly!
You hit the bullfrog skeleton.
The bullfrog skeleton is almost destroyed.
The bullfrog skeleton hits you.
You barely miss the bullfrog skeleton.
The bullfrog skeleton is almost destroyed.
The bullfrog skeleton hits you. The bullfrog skeleton hits you.
The bullfrog skeleton closely misses you.
The bullfrog skeleton hits you!
* * * LOW HITPOINT WARNING * * *
It was a potion of cancellation.
You feel magically purged. The bullfrog skeleton hits you.
You die...

#.#..#.#
.######
#.#..#.#
.#
#.#..#.#
.#
#.#..#.#
.#
#.#..#.#
.#
#.####.#
.# #.#
#.# #.#
#Z# #.#
#@#
##.####.#
#..<....#
#########


You could see a bullfrog skeleton.

Vanquished Creatures
  2 adders
  A shadow imp (D:3)
  3 worms
  2 dart slugs
  An orc (D:3)
  4 giant cockroaches
  6 goblins
  7 hobgoblins
  6 jackals
  3 kobolds
  2 bats (D:1)
  5 frilled lizards
  4 rats
46 creatures vanquished.

Notes
Turn   | Place    | Note
-------+----------+-------------------------------------------
     0 | Abyss:1  | Finalfun the Demonspawn Abyssal Knight began the quest for
                  | the Orb.
     0 | Abyss:1  | Reached XP level 1. HP: 18/18 MP: 2/2
    65 | D:1      | Escaped the Abyss
    92 | D:1      | Reached skill level 1 in Dodging
   120 | D:1      | Reached skill level 1 in Throwing
   205 | D:1      | Gained mutation: A weak demonic guardian rushes to your
                  | aid. [demonic ancestry]
   205 | D:1      | Reached XP level 2. HP: 21/24 MP: 2/4
   265 | D:1      | Reached skill level 1 in Stealth
  1181 | D:1      | Reached XP level 3. HP: 22/29 MP: 5/5
  2074 | D:3      | Reached ** piety under Lugonu
  2360 | D:3      | Reached XP level 4. HP: 19/35 MP: 6/6
  3030 | D:4      | Slain by a bullfrog skeleton

Skill      XL: |  1  2  3 |
---------------+----------+-----
Dodging        | 1 2 |  2.0
Throwing       | 1 |  1.0
Short Blades   | 2 |  2.8
Armour         | 2 |  2.0
Invocations    | 3 |  3.0
Stealth        | 2 |  2.0
Fighting       | |  3.0

Action                   |  1- 3 |  4- 6 || total
-------------------------+-------+-------++-------
Melee: Rapier            |   143 |    25 ||   168
Throw: Stone             |    31 |       ||    31
       Javelin           |     2 |     1 ||     3
  Use: Scroll            |     2 |       ||     2
       Potion            |       |     1 ||     1
 Stab: Sleeping          |     1 |     1 ||     2
  Eat: Chunk             |     9 |     2 ||    11
Armor: Ring mail         |    47 |     7 ||    54
Dodge: Dodged            |    71 |    20 ||    91
